 Dungeon Crawl Stone Soup version 0.30.0-13-g156ef70053 (webtiles) character file.

Game seed: 1902101628183430240

11 mkat the Magician (level 2, -2/16 (19) HPs)
             Began as a Human Wanderer on May 17, 2023.
             Slain by a quokka (5 damage)
             ... on level 1 of the Dungeon.
             The game lasted 00:01:25 (157 turns).

mkat the Magician (Human Wanderer)                   Turns: 157, Time: 00:01:25

HP:   -2/16 (19)    AC:  2    Str:  9    XL:     2   Next: 40%
MP:   4/6           EV: 11    Int: 16    God:
Gold: 0             SH:  0    Dex: 11    Spells: 5/7 levels left

rFire   . . .        a - +0 dagger
rCold   . . .        (no shield)
rNeg    . . .        c - +0 robe
rPois   .            (no helmet)
rElec   .            (no cloak)
rCorr   .            (no gloves)
SInv    .            (no boots)
Will    .....        (no amulet)
Stlth   +            (no ring)
HPRegen 0.22/turn    (no ring)
MPRegen 0.10/turn

%: no passive effects
@: heavily drained
A: no striking features
a: no special abilities


You were on level 1 of the Dungeon.
You visited 1 branch of the dungeon, and saw 1 of its levels.

Inventory:

Hand Weapons
 a - a +0 dagger (weapon)
Armour
 c - a +0 robe (worn)
Potions
 b - a potion of heal wounds


   Skills:
 + Level 1.2 Throwing
 + Level 1.0 Dodging
 + Level 3.2 Spellcasting
 + Level 1.0 Necromancy
 + Level 2.1 Earth Magic
 + Level 2.2 Evocations


You had 5 spell levels left.
You knew the following spells:

 Your Spells              Type           Power      Damage    Failure   Level
a - Sandblast             Erth           18%        2d7       8%          1
b - Kiss of Death         Conj/Necr      16%        2d6       16%         1

Your spell library contained the following spells:

 Spells                   Type           Power      Damage    Failure   Level
 Stone Arrow              Conj/Erth      12%        3d7       34%         3
 Vampiric Draining        Necr           5%         2d6       36%         3
 Leda's Liquefaction      Hex/Erth       3%         N/A       75%         4


Dungeon Overview and Level Annotations

Branches:
Dungeon (1/15)

Altars:


Message History

Press: ? - help, Q - select action, (/) - cycle Shift-Dir - straight line, f - bat
Aim: a bat (71% to hit)
The blast of sand hits the bat!
You kill the bat!
Found a scroll labelled WYXAREULUSK.
d - a black potion A quokka comes into view.
The quokka bites you. The quokka closely misses you.
You closely miss the quokka. The quokka bites you.
You hit the quokka but do no damage. The quokka closely misses you.
You hit the quokka.
The quokka is moderately wounded.
The quokka bites you but does no damage.
You aren't carrying any scrolls.
It was a potion of curing.
You feel better. The quokka bites you.
You closely miss the quokka.
The quokka is moderately wounded.
The quokka barely misses you. The quokka closely misses you.
You closely miss the quokka.
The quokka is moderately wounded.
The quokka bites you.
You hit the quokka.
The quokka is heavily wounded.
The quokka bites you.
Casting: Sandblast (safe; 8% risk of failure)
Confirm with . or Enter, or press ? or * to list all spells.
Aiming: Sandblast (safe; 8% risk of failure)
Press: ? - help, Shift-Dir - straight line, f - quokka
Aim: a quokka (heavily wounded, 73% to hit)
The blast of sand hits the quokka but does no damage.
The quokka is heavily wounded.
The quokka misses you. The quokka closely misses you.
You barely miss the quokka.
The quokka is heavily wounded.
The quokka bites you.
* * * LOW HITPOINT WARNING * * *
You hit the quokka.
The quokka is severely wounded.
The quokka bites you.
You die...

.#......#.# .#
.#.####.#.## .####
.#......#..##....#
.......##...†..#.#
.#......#....#†..# #
.########.##.###.#.#
...........#.....#.#####
......#########........#
........ #.@....#.
......## #r.?...#
.##.### ........# .. .#
#.##+#.#.# ## ## #. .# #
# .# #


You could see a quokka.

Vanquished Creatures
  2 bats (D:1)
  An endoplasm (D:1)
  A goblin (D:1)
  A hobgoblin (D:1)
  2 quokkas (D:1)
  A ball python (D:1)
  A kobold (D:1)
  A rat (D:1)
10 creatures vanquished.

Notes
Turn   | Place    | Note
-------+----------+-------------------------------------------
     0 | D:1      | mkat the Human Wanderer began the quest for the Orb.
     0 | D:1      | mkat set off with the following items: a +0 dagger, a
                  | potion of heal wounds, a +0 robe, a wand of flame (7); and
                  | the following spells available to memorise: Sandblast, Kiss
                  | of Death, Stone Arrow, Vampiric Draining, Leda's
                  | Liquefaction.
     0 | D:1      | Reached XP level 1. HP: 13/13 MP: 4/4
     2 | D:1      | Learned a level 1 spell: Sandblast
     4 | D:1      | Learned a level 1 spell: Kiss of Death
    40 | D:1      | Reached XP level 2. HP: 19/19 MP: 3/6
   157 | D:1      | Slain by a quokka

Illustrated notes

Levels and vault maps discovered:
D:1:      lightli_molten_gateway, layout_basic, serial_shops, shop

Action                     || total
---------------------------++-------
  Melee: Dagger            ||    20
         Punch             ||     1
   Cast: Sandblast         ||     7
         Kiss of Death     ||     1
  Evoke: Wand              ||     7
    Use: Potion            ||     1
 Armour: Robe              ||     8
  Dodge: Dodged            ||    22
